Map: Rainfall LE

Players

HeroMarine

  • Race: Terran Terran
  • Spawn Location: 5:00

Shino - Winner!

  • Race: Zerg Zerg
  • League: Grandmaster
  • Spawn Location: 11:00

Event: HomeStory Cup XXIX

VOD

Have the link to the VOD?

Description

Time

  • Played on: July 3, 2026, 6:38 a.m.
  • Length: 7:10

All games in this series

Show
View Real Time Build Order
Export as new Build Order

HeroMarine Terran 

Build Orders: Reaper Expand, Hellion Banshee 

Get SALT Encoding   

  8  0:00  SCV  
  9  0:12  SCV  
  10  0:24  SCV  
  10  0:27  Supply Depot  
  11  0:36  SCV  
  12  0:48  SCV  
  13  0:53  Barracks  
  13  0:59  Refinery  
  13  1:05  SCV  
  14  1:17  SCV  
  15  1:29  SCV  
  16  1:41  Orbital Command  
  16  1:42  Reaper  
  17  2:07  Command Center  
  17  2:11  SCV  
  18  2:16  Reaper  
  18  2:22  Supply Depot  
  19  2:23  SCV  
  20  2:35  SCV  
  21  2:47  Factory, SCV  
  22  2:59  SCV  
  22  3:00  Barracks Reactor  
  23  3:11  SCV  
  24  3:16  Command Center  
  24  3:23  Orbital Command, SCV  
  25  3:35  SCV  
  25  3:40  Starport  
  26  3:44  Refinery  
  26  3:47  SCV  
  27  3:50  Hellion  
  27  3:51  Hellion  
  27  3:53  SCV  
  32  4:04  SCV  
  32  4:12  Hellion x2, SCV  
  32  4:16  Starport Tech Lab, SCV  
  37  4:22  Marine  
  38  4:24  SCV  
  38  4:28  Orbital Command  
  39  4:31  SCV  
  39  4:34  Hellion x2  
  39  4:36  SCV  
  39  4:37  Banshee  
  48  4:40  Cloaking Field  
  48  4:49  SCV x2  
  48  4:50  Supply Depot  
  50  4:54  Barracks Tech Lab  
  50  4:57  SCV  
  51  5:04  SCV x2  
  53  5:07  Supply Depot  
  53  5:09  SCV  
  52  5:16  SCV x2  
  52  5:21  SCV  
  55  5:22  Banshee  
  55  5:26  Stimpack, Marine  
  55  5:27  Barracks  
  55  5:28  SCV  
  54  5:29  SCV  
  54  5:30  Factory Reactor, Barracks  
  54  5:33  SCV, Supply Depot  
  54  5:34  Supply Depot  
  56  5:40  SCV  
  56  5:41  SCV  
  58  5:43  Engineering Bay  
  58  5:44  Engineering Bay, Marine  
  58  5:45  SCV  
  58  5:48  Refinery x2  
  60  5:53  SCV  
  60  5:55  SCV  
  62  5:57  SCV  
  62  6:02  Marine  
  62  6:05  SCV  
  62  6:07  SCV  
  62  6:08  Banshee  
  62  6:09  SCV  
  52  6:20  Marine  
  52  6:24  Marine x3  
  53  6:34  Hellion  
  53  6:38  Marine  
  53  6:42  Marine x2  
  43  6:49  SCV  
  38  6:55  SCV  
Show
View Real Time Build Order
Export as new Build Order

Shino Zerg - Winner!

Build Orders: Hatch First 

Get SALT Encoding   

  8  0:00  Drone  
  9  0:10  Drone  
  10  0:18  Drone  
  11  0:27  Overlord  
  11  0:33  Drone  
  12  0:46  Drone x2  
  14  0:51  Drone  
  15  1:11  Hatchery  
  15  1:15  Drone  
  15  1:18  Drone  
  15  1:22  Drone  
  17  1:37  Spawning Pool  
  16  1:40  Drone  
  16  1:42  Extractor  
  16  1:44  Drone  
  17  1:51  Drone  
  18  2:00  Drone  
  19  2:10  Overlord  
  19  2:23  Queen x2  
  19  2:26  Zergling x2  
  19  2:28  Zergling x2  
  25  2:31  Zergling x2  
  26  2:37  Drone  
  26  2:39  Drone  
  28  2:46  Metabolic Boost  
  28  2:49  Drone  
  28  2:50  Drone  
  30  2:54  Drone  
  31  3:02  Drone  
  32  3:09  Overlord  
  32  3:26  Overlord  
  32  3:28  Drone x3  
  32  3:29  Drone, Queen  
  38  3:38  Drone  
  38  3:39  Drone  
  40  3:47  Hatchery  
  39  3:50  Drone  
  39  3:51  Drone  
  39  3:52  Drone  
  42  3:56  Lair  
  42  4:01  Zergling x4  
  44  4:05  Drone x3  
  44  4:09  Drone  
  48  4:13  Drone  
  48  4:14  Drone  
  48  4:21  Overlord  
  48  4:34  Overlord  
  47  4:39  Extractor, Queen  
  47  4:40  Zergling x6  
  47  4:41  Zergling x2  
  52  4:47  Zergling x6  
  55  4:53  Queen  
  55  4:58  Overlord  
  55  4:59  Queen  
  59  5:06  Zergling x12  
  65  5:09  Nydus Network  
  63  5:15  Overlord  
  63  5:16  Drone  
  63  5:17  Queen  
  65  5:23  Zergling x2  
  65  5:24  Zergling x8  
  68  5:34  Queen  
  70  5:36  Spore Crawler  
  70  5:37  Spore Crawler, Drone  
  70  5:38  Overseer  
  69  5:46  Zergling x8  
  73  5:50  Nydus Canal  
  73  5:52  Zergling x4  
  75  5:59  Zergling x8  
  75  6:03  Drone  
  75  6:04  Zergling x4  
  80  6:12  Nydus Canal  
  80  6:13  Overseer  
  80  6:15  Overlord  
  80  6:17  Zergling x2  
  80  6:18  Zergling x6  
  76  6:25  Zergling x2  
  76  6:26  Zergling x2  
  76  6:29  Zergling x4  
  76  6:34  Zergling x2  
  76  6:46  Zergling x8  
  77  6:52  Zergling x2  
Tags
 
Add a new tag
Caveats
  • Supply blocks, unpowered buildings, or Contaminate may cause inaccurate times.
  • Supply counts are checked every 10 seconds.